 Dungeon Crawl Stone Soup version 0.25.1-8-g42b30a86e7 (webtiles) character file.

Game seed: 16032100833023822793

92776 Gabide the Peltast (level 16, -1/134 HPs)
             Began as a Human Abyssal Knight on Nov 30, 2020.
             Was the Champion of Lugonu.
             Killed from afar by an electric eel (12 damage)
             ... with a bolt of electricity
             ... on level 6 of the Lair of Beasts on Dec 1, 2020.
             The game lasted 01:24:26 (24207 turns).

Gabide the Peltast (Human Abyssal Knight)          Turns: 24207, Time: 01:24:27

Health: -1/134     AC: 31    Str: 23      XL:     16   Next: 54%
Magic:  15/22      EV:  8    Int: 11 (12) God:    Lugonu [******]
Gold:   1485       SH: 26    Dex: 19      Spells: 15/15 levels left

rFire    . . .     SeeInvis .   G - +9 scimitar (distort)
rCold    . . .     Gourm    .   f - +0 tower shield
rNeg     + . .     Faith    .   D - +8 plate armour {rN+}
rPois    +         Spirit   .   z - +0 helmet
rElec    .         Reflect  +   M - +2 cloak
rCorr    .         Harm     .   s - +2 pair of gloves {Dex+3}
MR       ++...                  (no boots)
Stlth    ..........             t - amulet of reflection
HPRegen  0.32/turn              Q - +6 ring of strength
MPRegen  0.18/turn              R - ring of poison resistance

@: flying
A: deterioration 1, magic resistance 1, robust 1
a: Depart the Abyss, Bend Space, Banish, Corrupt, Enter the Abyss, Renounce
Religion


You were on level 6 of the Lair of Beasts.
You worshipped Lugonu.
Lugonu was exalted by your worship.
You were not hungry.

You visited 2 branches of the dungeon, and saw 21 of its levels.
You visited the Abyss 1 time.
You also visited: Ossuary and Bailey.

You collected 1849 gold pieces.
You spent 364 gold pieces at shops.

Inventory:

Hand Weapons
 E - the +6 rapier of Honour {vorpal, rN+ MR+ Int+3 Dex-5}
   (You acquired it in a bailey)

   It inflicts extra damage upon your enemies.
   It affects your intelligence (+3).
   It affects your dexterity (-5).
   It protects you from negative energy.
   It affects your resistance to hostile enchantments.
 G - a +9 scimitar of distortion (weapon)
 N - the +5 long sword "Saril" {vorpal, MR+ Dex+2 Stlth-}
   (You found it on level 12 of the Dungeon)

   It inflicts extra damage upon your enemies.
   It affects your dexterity (+2).
   It affects your resistance to hostile enchantments.
   It makes you less stealthy.
Missiles
 n - 5 javelins (quivered)
Armour
 f - a +0 tower shield (worn)
 s - a +2 pair of gloves of dexterity (worn)
 z - a +0 helmet (worn)
 D - a +8 plate armour of positive energy (worn)
 M - a +2 cloak (worn)
Jewellery
 g - a +6 ring of strength
 r - an uncursed amulet of regeneration
 t - an amulet of reflection (around neck)
 Q - a +6 ring of strength (left hand)
 R - a ring of poison resistance (right hand)
 U - an uncursed amulet of faith
Wands
 d - a wand of enslavement (13)
 j - a wand of polymorph (10)
 k - a wand of random effects (25)
 u - a wand of flame (76)
 v - a wand of digging (6)
 y - a wand of acid (1)
 H - a wand of clouds (1)
 J - a wand of iceblast (6)
 K - a wand of paralysis (14)
Scrolls
 a - 2 scrolls of magic mapping
 e - 11 scrolls of remove curse
 l - 3 scrolls of teleportation
 o - 4 scrolls of amnesia
 p - 3 scrolls of holy word
 x - 3 scrolls of fog
 A - 3 scrolls of identify
 P - 3 scrolls of fear
 S - 2 scrolls of enchant weapon
Potions
 b - a potion of ambrosia
 h - a potion of mutation
 m - a potion of lignification
 q - 3 potions of flight
 w - 3 potions of stabbing
 B - 5 potions of magic
 C - 3 potions of brilliance
 T - a potion of cancellation
Miscellaneous
 i - 2 boxes of beasts
Comestibles
 c - 36 rations


   Skills:
 * Level 10.1 Fighting
 - Level 5.0(10.3) Short Blades
 - Level 13.6(14.0) Long Blades
   Level 1.0(2.0) Axes
   Level 2.6(2.8) Maces & Flails
 * Level 10.8 Armour
 - Level 3.7 Dodging
 + Level 15.9 Shields
 + Level 9.0 Invocations


You had 15 spell levels left.
You didn't know any spells.
Your spell library contained the following spells:

 Spells                   Type           Power        Failure   Level  Hunger
 Foxfire                  Conj/Fire      #...         100%        1    ##.....
 Magic Dart               Conj           #...         100%        1    ##.....
 Sandblast                Erth           #.....       100%        1    ##.....
 Blink                    Tloc           N/A          100%        2    ###....
 Call Imp                 Summ           #.......     100%        2    ###....
 Passwall                 Tmut/Erth      #.......     100%        2    ###....
 Slow                     Hex            #.......     100%        2    ###....
 Conjure Flame            Conj/Fire      #.......     100%        3    ####...
 Inner Flame              Hex/Fire       #.......     100%        3    ####...
 Mephitic Cloud           Conj/Pois/Air  #.......     100%        3    ####...
 Stone Arrow              Conj/Erth      #.....       100%        3    ####...
 Petrify                  Tmut/Erth      #.......     100%        4    #####..
 Sticky Flame             Conj/Fire      #.......     100%        4    #####..
 Bolt of Magma            Conj/Fire/Erth #.........   100%        5    ######.
 Fireball                 Conj/Fire      #.........   100%        5    ######.
 Irradiate                Conj/Tmut      #.........   100%        5    ######.
 Iskenderun's Battlesphe  Conj/Chrm      #.......     100%        5    ######.
 Lee's Rapid Deconstruct  Erth           #.........   100%        5    ######.
 Hydra Form               Tmut           #.........   100%        6    #######
 Iron Shot                Conj/Erth      #.........   100%        6    #######
 Statue Form              Tmut/Erth      #........    100%        6    #######
 Dragon Form              Tmut           #.........   100%        7    #######
 Orb of Destruction       Conj           #.........   100%        7    #######
 Spellforged Servitor     Conj/Summ      #.........   100%        7    #######


Dungeon Overview and Level Annotations

Branches:
Dungeon (15/15)            Temple (0/1) D:5            Lair (6/6) D:8
 Shoals (0/4) Lair:3          Orc (0/2) D:9          Vaults (0/5) D:13
 Depths (0/5) D:15        Ossuary (visited)          Bailey (visited)
  Snake: Lair:2-4    Spider: Lair:2-4     Slime: Lair:5-6

Altars:
Ashenzari
Cheibriados
Dithmenos
Gozag
Hepliaklqana
Makhleb
Nemelex Xobeh
Okawaru
Sif Muna
Trog
Uskayaw
The Shining One

Shops:
D:9 !

Annotations:
Lair:6 corrupted
Abyss:1 Snorg


Innate Abilities, Weirdness & Mutations

Your body sometimes deteriorates upon taking damage.
You are resistant to hostile enchantments. (MR+)
You are robust. (+10% HP)


Message History

You fall into the shallow water.
Moving in this stuff is going to be slow.
A rime drake comes into view.
The rime drake hisses angrily.
Something hits the small abomination.
The rime drake breathes ice at you. The flash freeze hits you!
* * * LOW HITPOINT WARNING * * *
You are encased in ice.
The small abomination barely misses something.
The electric eel shoots out a bolt of lightning at you!
The bolt of electricity hits you but does no damage.
Found a potion of might and 11 poisoned darts.
You eat one of the 37 rations.
That ration really hit the spot!
You feel very buoyant.
You fly up into the air.
The ice encasing you melts away.
The electric eel shoots out a bolt of lightning at you!
The bolt of electricity hits you!
You die... #. ≈≈ PPP≈≈.P

#.. ≈≈#P!(P≈.≈
........≈≈#####≈PP$(?PP≈
.........≈≈≈##≈≈PP|w!PP≈
.......≈.≈≈≈≈#≈≈.≈P/$P#
.......≈.≈.≈≈#.≈≈.≈PPP#
........%.≈≈P≈≈≈≈≈.≈P#
.##..#....≈≈≈≈F≈@≈≈≈.# #
#..$..≈≈≈≈≈≈≈.≈.≈# #
##..F..≈≈≈≈≈≈≈≈≈≈≈#
...#..w#..≈≈≈≈≈≈;k≈≈≈≈#
.......#≈.≈≈≈≈≈≈≈≈≈≈≈≈#
)..###.##≈P≈≈≈.(F≈.≈≈≈#
...##.h.#...#.≈≈≈≈≈≈≈≈≈#
..##....##..≈.x#...≈≈PP≈
....#....#.........≈≈≈


You could see a tyrant leech, a spiny frog, a rime drake (catching breath), a
bullfrog, an electric eel and a neutral small abomination (summoned).

Vanquished Creatures
  A dire elephant (D:15)
  6 hydras
  2 centaur warriors (D:14)
  3 two-headed ogres
  A queen ant (Lair:4)
  A tengu warrior (D:13)
  Nergalle (D:11)
  A harpy (shapeshifter) (D:14)
  3 orc knights
  An orc sorcerer (D:15)
  3 harpies (D:13)
  A wolf spider (D:15)
  A deep elf mage (D:14)
  6 ugly things
  Maurice (D:12)
  A cyclops (D:13)
  A salamander (D:15)
  3 manticores
  Psyche (D:11)
  2 black mambas
  13 spiny frogs
  A gargoyle (D:12)
  3 centaur skeletons
  6 komodo dragons
  An efreet (D:15)
  A yaktaur (D:13)
  2 kobold demonologists
  11 rime drakes
  4 trolls
  2 hornets (D:14)
  A polar bear (Lair:1)
  4 meliai (Lair:4)
  The ghost of Gabide the Poker, an amateur HuFi (D:5)
  Prince Ribbit (D:7)
  5 slime creatures (D:14)
  5 blink frogs
  10 dream sheep
  8 hippogriffs
  A vampire (D:11)
  A wraith (D:8)
  A shadow (D:11)
  10 wyverns
  63 yaks
  A hungry ghost (D:14)
  2 fire bats (D:9)
  A steam dragon (Lair:5)
  5 basilisks
  A fire elemental (D:9)
  6 vampire mosquitoes
  11 soldier ants (Lair:4)
  An acid dragon (D:15)
  4 hell hounds
  14 water moccasins
  5 porcupines
  A hornet zombie (D:14)
  22 orc warriors
  3 ice beasts
  3 phantoms
  A sky beast (D:14)
  A black bear (D:4)
  An eye of draining (D:14)
  2 necrophages
  11 centaurs
  3 ogres
  9 crocodiles
  15 wolves
  7 big kobolds
  Blork the orc (D:5)
  22 bullfrogs
  2 elf zombies (Ossuary)
  7 scorpions
  25 killer bees
  3 howler monkeys (D:13)
  16 wights
  An electric eel (D:13)
  3 crimson imps
  5 centaur zombies
  5 hounds
  A bullfrog zombie (D:12)
  2 human zombies (Ossuary)
  Crazy Yiuf (D:7)
  3 bullfrog skeletons
  A gnoll shaman (D:7)
  9 orc priests
  6 jellies
  2 iguanas
  19 worker ants
  14 orc wizards
  A killer bee zombie (D:6)
  3 hound zombies
  A hound skeleton (D:8)
  2 mummies (Ossuary)
  3 worker ant zombies
  10 adders
  24 gnolls
  A howler monkey skeleton (D:4)
  2 shadow imps
  6 oozes
  A dart slug (D:3)
  4 leopard geckos
  77 orcs
  3 bats
  7 giant cockroaches
  16 goblins
  15 hobgoblins
  4 jackals (D:5)
  31 kobolds
  6 quokkas
  5 frilled lizards
  2 goblin zombies (Ossuary)
  10 hobgoblin zombies (Ossuary)
  A jackal zombie (D:7)
  7 kobold zombies (Ossuary)
  10 orc zombies (Ossuary)
  A quokka zombie (D:7)
  6 rats
  A rat zombie (Ossuary)
  A butterfly (Lair:5)
734 creatures vanquished.

Vanquished Creatures (collateral kills)
  A meliai (Lair:4)
  2 killer bees (Lair:4)
3 creatures vanquished.

Vanquished Creatures (others)
  An orc warlord (Bailey)
  A rakshasa (D:14)
  4 hydras
  A centaur warrior (D:15)
  Sonja (Lair:4)
  A harpy (D:13)
  An orc knight (D:15)
  A cyclops (D:14)
  3 ugly things (D:15)
  A black mamba (Lair:5)
  A gargoyle (D:14)
  A centaur skeleton (D:15)
  2 spiny frogs
  A rime drake (Lair:5)
  A komodo dragon (Lair:1)
  A troll (D:13)
  A slime creature (D:14)
  3 blink frogs
  A dream sheep (Lair:4)
  A hippogriff (Lair:3)
  A water elemental (D:13)
  A wyvern (Lair:5)
  A fire bat (D:9)
  2 yaks (Lair:6)
  2 basilisks
  A hungry ghost (D:13)
  A water moccasin (Lair:2)
  2 porcupines (Lair:2)
  A wolf (Lair:5)
  A centaur (D:15)
  A bullfrog (Lair:4)
  A scorpion (D:13)
  2 wyvern skeletons
  An orc (D:8)
  6 fungi
  24 plants
76 creatures vanquished.

Grand Total: 813 creatures vanquished

Notes
Turn   | Place    | Note
-------+----------+-------------------------------------------
     0 | Abyss:1  | Gabide the Human Abyssal Knight began the quest for the
                  | Orb.
     0 | Abyss:1  | Reached XP level 1. HP: 18/18 MP: 2/2
    51 | Abyss:1  | Found a corrupted altar of Lugonu.
    85 | Abyss:1  | Found a corrupted altar of Lugonu.
    88 | Abyss:1  | Noticed a small abomination
    88 | Abyss:1  | Noticed a large abomination
    89 | D:1      | Escaped the Abyss
   265 | D:1      | Reached * piety under Lugonu
   265 | D:1      | Reached XP level 2. HP: 24/24 MP: 3/3
   783 | D:2      | Gained mutation: You are robust. (+10% HP) [potion of
                  | mutation]
   783 | D:2      | Gained mutation: Your body sometimes deteriorates upon
                  | taking damage. [potion of mutation]
   783 | D:2      | Gained mutation: You are resistant to hostile enchantments.
                  | (MR+) [potion of mutation]
   786 | D:2      | Reached XP level 3. HP: 13/31 MP: 4/4
  1263 | D:2      | Found a faded altar of an unknown god.
  1353 | D:2      | Reached skill level 1 in Shields
  1596 | D:3      | Reached XP level 4. HP: 31/38 MP: 5/5
  1601 | D:3      | Reached skill level 1 in Long Blades
  1681 | D:3      | Reached ** piety under Lugonu
  1917 | D:3      | Found a bloodstained altar of Trog.
  1917 | D:3      | Found a glowing golden altar of the Shining One.
  1920 | D:3      | Found a snail-covered altar of Cheibriados.
  1976 | D:3      | Reached skill level 2 in Shields
  1976 | D:3      | Reached XP level 5. HP: 35/45 MP: 6/6
  2306 | D:4      | Got a glimmering ring mail
  2318 | D:4      | Identified the +3 ring mail "Moelonof" {rF- Int+6 Stlth+}
                  | (You found it on level 4 of the Dungeon)
  2510 | D:4      | Noticed a black bear
  2521 | D:4      | Killed a black bear
  2521 | D:4      | Reached XP level 6. HP: 34/51 MP: 7/7
  2667 | D:4      | Noticed an ice beast
  2685 | D:4      | Killed an ice beast
  2685 | D:4      | Reached skill level 3 in Shields
  2685 | D:4      | Reached XP level 7. HP: 58/58 MP: 8/8
  2838 | D:4      | Found a hazy altar of Hepliaklqana.
  2839 | D:4      | Found a shadowy altar of Dithmenos.
  2839 | D:4      | Noticed a shadow
  2904 | D:4      | Found an iron altar of Okawaru.
  2904 | D:4      | Found a shattered altar of Ashenzari.
  3067 | D:5      | Entered Level 5 of the Dungeon
  3076 | D:5      | Found a staircase to the Ecumenical Temple.
  3084 | D:5      | Noticed Blork the orc
  3116 | D:5      | Killed Blork the orc
  3522 | D:5      | Reached skill level 4 in Shields
  3522 | D:5      | Reached XP level 8. HP: 53/66 MP: 9/9
  3674 | D:5      | Found a large runed translucent door.
  3674 | D:5      | Found a large runed translucent door.
  3675 | D:5      | Noticed Gabide's ghost (amateur HuFi)
  3993 | D:5      | Killed Gabide's ghost
  3993 | D:5      | Reached skill level 5 in Long Blades
  4233 | D:6      | Found an opulent altar of Gozag.
  4285 | D:6      | Reached *** piety under Lugonu
  4684 | D:6      | Found a burning altar of Makhleb.
  4756 | D:6      | Reached skill level 5 in Shields
  4916 | D:6      | Identified a scroll of acquirement
  4916 | D:6      | Acquired a +1 plate armour of positive energy
  5062 | D:7      | Reached XP level 9. HP: 68/71 MP: 10/10
  5429 | D:7      | Noticed a hippogriff
  5440 | D:7      | Killed a hippogriff
  5440 | D:7      | Reached skill level 6 in Shields
  5642 | D:7      | Reached skill level 7 in Shields
  5830 | D:7      | Reached skill level 5 in Armour
  5842 | D:7      | Noticed Prince Ribbit
  5865 | D:7      | Reached XP level 10. HP: 38/80 MP: 11/11
  5893 | D:7      | Reached **** piety under Lugonu
  5896 | D:7      | Killed Prince Ribbit
  6141 | D:7      | Noticed a +0 dagger
  6141 | D:7      | Noticed a +0 hand axe
  6145 | D:7      | Found a hide-covered altar of Uskayaw.
  6296 | D:7      | Reached skill level 8 in Shields
  6525 | D:7      | Found a shimmering blue altar of Sif Muna.
  6846 | D:7      | Found a runed translucent door.
  6847 | D:7      | Noticed Crazy Yiuf
  6958 | D:7      | Killed Crazy Yiuf
  7122 | D:8      | Reached skill level 9 in Shields
  7135 | D:8      | Noticed a kobold demonologist
  7142 | D:8      | Noticed a soul eater
  7151 | D:8      | Noticed a sun demon
  7155 | D:8      | Noticed a rust devil
  7156 | D:8      | Killed a kobold demonologist
  7424 | D:8      | Found a staircase to the Lair.
  7527 | D:8      | Found a sand-covered staircase.
  7532 | Ossuary  | Entered an ossuary
  7599 | Ossuary  | Reached ***** piety under Lugonu
  8012 | D:8      | Reached skill level 10 in Shields
  8092 | D:8      | Found a sparkling altar of Nemelex Xobeh.
  8409 | D:8      | Reached XP level 11. HP: 78/85 MP: 12/12
  8728 | D:8      | Reached skill level 5 in Fighting
  9544 | D:9      | Found Vinepp's Distillery.
  9570 | D:9      | Bought a potion of heal wounds for 65 gold pieces
  9570 | D:9      | Bought a potion of haste for 130 gold pieces
  9570 | D:9      | Bought a potion of heal wounds for 65 gold pieces
  9570 | D:9      | Bought a potion of berserk rage for 65 gold pieces
  9570 | D:9      | Bought a potion of curing for 39 gold pieces
  9592 | D:9      | Found a transporter.
  9629 | D:9      | Reached skill level 11 in Shields
  9634 | D:9      | Reached skill level 1 in Axes
  9801 | D:9      | Found a staircase to the Orcish Mines.
 10049 | D:9      | Found a transporter.
 10347 | D:10     | Entered Level 10 of the Dungeon
 10462 | D:10     | Found a flagged portal.
 10608 | Bailey   | Entered a bailey
 10810 | Bailey   | Reached ****** piety under Lugonu
 10903 | Bailey   | Noticed an orc knight
 10916 | Bailey   | Killed an orc knight
 11070 | Bailey   | Noticed an orc warlord
 11070 | Bailey   | Noticed an orc knight
 11072 | Bailey   | Identified a +8 scimitar of distortion (a +6 scimitar
                  | corrupted by Lugonu)
 11072 | Bailey   | Received a gift from Lugonu
 11083 | Bailey   | Banished an orc warlord
 11097 | Bailey   | Killed an orc knight
 11097 | Bailey   | Reached XP level 12. HP: 91/97 MP: 13/13
 11163 | Bailey   | Acquired the +6 rapier of Honour {vorpal, rN+ MR+ Int+3
                  | Dex-5}
 11402 | D:10     | Reached skill level 12 in Shields
 11414 | D:10     | Reached skill level 1 in Short Blades
 11851 | D:11     | Found a shadowy altar of Dithmenos.
 11909 | D:11     | Noticed Psyche
 11919 | D:11     | Killed Psyche
 12336 | D:11     | Noticed Nergalle
 12353 | D:11     | Killed Nergalle
 12716 | D:12     | Noticed a two-headed ogre
 12728 | D:12     | Killed a two-headed ogre
 12870 | D:12     | Reached skill level 5 in Short Blades
 12923 | D:12     | Got a fine long sword
 12924 | D:12     | Identified the +5 long sword "Saril" {vorpal, MR+ Dex+2
                  | Stlth-} (You found it on level 12 of the Dungeon)
 12973 | D:12     | Noticed Maurice
 13014 | D:12     | Killed Maurice
 13328 | D:12     | Reached skill level 13 in Shields
 13793 | D:12     | Reached XP level 13. HP: 93/105 MP: 14/14
 13796 | D:12     | Reached skill level 10 in Long Blades
 14527 | D:13     | Reached XP level 14. HP: 114/114 MP: 20/20
 15178 | D:13     | Found a gate to the Vaults.
 16402 | D:14     | Reached skill level 14 in Shields
 16852 | D:14     | Noticed Snorg
 16853 | D:14     | Found the +3 robe of Folly {Archmagi, MR-- Int+5}
 16862 | D:14     | Banished Snorg
 17205 | D:15     | Entered Level 15 of the Dungeon
 17554 | D:15     | Reached XP level 15. HP: 110/123 MP: 21/21
 17691 | D:15     | Found a staircase to the Depths.
 18114 | D:15     | Acquired an uncursed ring of poison resistance
 19172 | Lair:1   | Entered Level 1 of the Lair of Beasts
 20938 | Lair:3   | Found a staircase to the Shoals.
 21361 | Lair:3   | Reached skill level 15 in Shields
 22293 | Lair:4   | Noticed Sonja
 22302 | Lair:4   | Killed Sonja
 22530 | Lair:4   | Reached skill level 10 in Armour
 22532 | Lair:4   | Reached XP level 16. HP: 39/132 MP: 22/22
 24033 | Lair:6   | Entered Level 6 of the Lair of Beasts
 24043 | Lair:6   | Reached skill level 10 in Fighting
 24204 | Lair:6   | Corrupted Lair:6
 24204 | Lair:6   | Noticed a tentacled starspawn
 24207 | Lair:6   | Killed from afar by an electric eel

Illustrated notes

Levels and vault maps discovered:
D:1:      dpeg_arrival_arbitrary_c, layout_rooms, minmay_tromino_v4_c
D:2:      layout_basic, chequers_ecumenical_altar_island
D:3:      layout_basic, minitemple, minmay_misc_feat_encased,
          kennysheep_crisscross
D:4:      black_bear_nest_2, layout_basic, riverfiend_overflow_shadow_ancestor,
          gammafunk_temple_overflow_wave, serial_glass, glass_columns_a,
          glass_columns_c, first_ration
D:5:      layout_gridville, minmay_temple_entry_tees,
          ebering_ghost_disaster_area, uniq_blork_the_orc
D:6:      layout_loops_ring, grunt_gozag_statues, basic_altar
D:7:      layout_loops_corners, dancing_weapons_uskayaw, marbit_many_paths,
          uniq_crazy_yiuf_cottage, uniq_prince_ribbit1
D:8:      layout_loops_cross, nemelex_xobeh_ov_fountains_minmay,
          lair_entry_dummy, enter_ossuary_2, special_room [special_room_kobold],
          hangedman_little_slice_of_home
D:9:      gammafunk_cloud_chamber, layout_loops_ring, serial_shops,
          nicolae_shop_temple_entry_statues_fountains
D:10:     layout_basic, enter_bailey_2
D:11:     layout_roguey, nicolae_dithmenos_shadow_blocks, uniq_nergalle,
          uniq_psyche
D:12:     layout_grid_maze, gauntlet_entry_generic,
          kennysheep_decorative_pillar, uniq_maurice
D:13:     minmay_goldmine, layout_loops_cross, david_vaults_1, serial_bayou,
          serial_bayou_pond_e, serial_bayou_shore_b, serial_bayou_ford_a,
          serial_bayou_shore_b
D:14:     layout_roguey, uniq_snorg
D:15:     hangedman_depths_entry_try_elsewhere_first, layout_basic,
          minmay_hedge_maze
Lair:1:   layout_gridlike, st_stairs_5, lemuel_fruit_tree, lemuel_fruit_fields,
          grunt_megastairs_2
Lair:2:   layout_cave_pods
Lair:3:   layout_hall_layers, elwin_shoals_entry_rocks,
          small_statue_intersection
Lair:4:   regret_index_combs_of_tragedy, layout_hall_layers,
          spider_nest_entry_web_field, special_room [special_room_bee],
          zaba_antful_of_joy, grunt_megastairs_1, uniq_sonja
Lair:5:   layout_long_grid, special_room [special_room_mythical_zoo],
          lemuel_fruit_fields
Lair:6:   minmay_lair_end_frog_pond, layout_regular_city,
          dpeg_slime_entry_enclosed_altar, chequers_serial_rivers_micro_c

Skill      XL: |  1  2  3  4  5  6  7  8  9 10 11 12 13 14 15 16 |
---------------+-------------------------------------------------+-----
Shields        | 1 2 3 4 5 7 10 11 13 14 15 | 15.9
Long Blades    | 1 3 4 6 7 8 9 10 11 13 | 13.6
Dodging        | 2 3 |  3.7
Armour         | 3 4 5 6 7 8 10 | 10.8
Fighting       | 4 6 7 8 9 10 | 10.1
Axes           | 1 |  1.0
Short Blades   | 5 |  5.0
Invocations    | 8 9 |  9.0
Maces & Flails | |  2.6

Action                   |  1- 3 |  4- 6 |  7- 9 | 10-12 | 13-15 | 16-18 || total
-------------------------+-------+-------+-------+-------+-------+-------++-------
Melee: Mace              |    58 |       |       |       |       |       ||    58
       Falchion          |    43 |   102 |   455 |   845 |       |       ||  1445
       Unarmed           |       |       |       |     8 |       |       ||     8
       Scimitar          |       |       |       |   262 |   725 |   249 ||  1236
       Broad axe         |       |       |       |    76 |       |       ||    76
       Rapier            |       |       |       |   310 |       |       ||   310
       Long sword        |       |       |       |   105 |       |       ||   105
Throw: Javelin           |     4 |     2 |     6 |    37 |    40 |    11 ||   100
Invok: Depart the Abyss  |     1 |       |       |       |       |       ||     1
       Brand Weapon With |       |       |       |     1 |       |       ||     1
       Bend Space        |       |       |       |     2 |     5 |     8 ||    15
       Corrupt           |       |       |       |       |       |     1 ||     1
Evoke: Wand              |       |       |       |     2 |    10 |     1 ||    13
  Use: Scroll            |     9 |     2 |    13 |     8 |     9 |     9 ||    50
       Potion            |     2 |       |     4 |    13 |    10 |     9 ||    38
 Stab: Sleeping          |       |     2 |     1 |       |       |       ||     3
       Confused          |       |       |       |     1 |       |       ||     1
  Eat: Chunk             |     2 |     4 |     8 |    13 |    14 |     2 ||    43
       Ration            |       |       |     1 |     5 |     4 |     2 ||    12
Armor: Leather armour    |    40 |    34 |    41 |       |       |       ||   115
       Ring mail         |       |     1 |       |       |       |       ||     1
       Plate armour      |       |       |    91 |   544 |   395 |   163 ||  1193
       Skin              |       |       |     7 |     1 |       |       ||     8
Dodge: Dodged            |    37 |    30 |    63 |    77 |    94 |    67 ||   368
Block: Tower shield      |    69 |    70 |   373 |  1636 |   924 |   445 ||  3517
       Reflection        |       |       |     3 |    26 |    26 |     1 ||    56
       Rpst.: Falchion   |     8 |    10 |    25 |     2 |       |       ||    45
       Scimitar          |       |       |       |     5 |    12 |    14 ||    31
       Long sword        |       |       |       |     4 |       |       ||     4
